 Dungeon Sprint DCSS version 0.27.1 (webtiles) character file.

Game seed: 3235609798617228764

224 MacCMillion the Grappler (level 8, 0/74 HPs)
             Began as a Troll Monk on Aug 28, 2021.
             Was a High Priest of Makhleb.
             Slain by the 27-headed Lernaean hydra (13 damage)
             ... in the Dungeon (Sprint VI: "Thunderdome").
             The game lasted 00:09:11 (765 turns).

MacCMillion the Grappler (Troll Monk)                Turns: 765, Time: 00:09:12

Health: 0/74       AC:  4    Str: 22    XL:     8   Next: 25%
Magic:  14/14      EV: 10    Int:  6    God:    Makhleb [*****.]
Gold:   500        SH:  0    Dex: 12    Spells: 7/7 levels left

rFire    . . .     SeeInvis .     - Unarmed
rCold    . . .     Faith    .   (no shield)
rNeg     . . .     Spirit   .   a - +0 robe
rPois    .         Reflect  .   (helmet restricted)
rElec    .         Harm     .   (no cloak)
rCorr    .         Rampage  .   (gloves unavailable)
Will     .....     NoTele   +   (boots unavailable)
Stlth    ++........             (no amulet)
HPRegen  1.22/turn              (no ring)
MPRegen  0.14/turn              (no ring)

@: no status effects
A: large, unfitting armour, claws 3, regeneration 1, shaggy fur 1, tough skin 1
a: Renounce Religion, Minor Destruction, Lesser Servant of Makhleb, Major
Destruction, Greater Servant of Makhleb


You were in the Dungeon.
You worshipped Makhleb.
Makhleb was extremely pleased with you.
You visited 1 branch You collected 500 gold pieces.

Inventory:

Missiles
 f - 17 poisoned darts (quivered)
 m - 5 stones
Armour
 a - a +0 robe (worn)
Wands
 i - a wand of acid (5)
 j - a wand of iceblast (5)
 l - a wand of digging (2)
Scrolls
 g - 4 scrolls of blinking
 k - 3 scrolls of fog
Potions
 b - a potion of curing
 c - 3 potions of heal wounds
 d - 4 potions of haste
 e - 2 potions of magic
 h - 3 potions of resistance


   Skills:
 - Level 2.4 Fighting
 - Level 2.4 Dodging
 - Level 1.0 Stealth
 * Level 14.5 Unarmed Combat
 + Level 9.6 Invocations


You had 7 spell levels left.
You didn't know any spells.
Your spell library was empty.

Dungeon Overview and Level Annotations

Branches:
Dungeon (1/1)

Altars:
Cheibriados
Dithmenos
Fedhas
Gozag
Kikubaaqudgha
Makhleb
Okawaru
Qazlal
Ru
Sif Muna
Trog
Uskayaw
Vehumet
Wu Jian
Xom
Yredelemnul
Zin
The Shining One
Beogh
Jiyva
Lugonu

Shops:
D *[??*?*:[((!!!!

Annotations:
D Lernaean hydra


Innate Abilities, Weirdness & Mutations

You are too large for most types of armour.
You have claws for hands.
Your natural rate of healing is unusually fast.
You are covered in fur. (AC +1)
You have tough skin. (AC +1)


Message History

A demon appears!
The 27-headed Lernaean hydra roars deafeningly!
Press: ? - help, Shift-Dir - straight line, f - 27-headed Lernaean hydra
Aim: the 27-headed Lernaean hydra (ally target)
The bolt of negative energy hits the 27-headed Lernaean hydra!!
The 27-headed Lernaean hydra is drained!
The 27-headed Lernaean hydra is lightly wounded.
Your ynoxinul gestures.
A demon appears!
Your ufetubus hits the 27-headed Lernaean hydra.
Your ufetubus barely misses the 27-headed Lernaean hydra.
Your ynoxinul hits the 27-headed Lernaean hydra.
A will-o-the-wisp comes into view.
The will-o-the-wisp gives a chilling moan.
Your ynoxinul barely misses the 27-headed Lernaean hydra.
Your ufetubus hits the 27-headed Lernaean hydra. x2
The 27-headed Lernaean hydra bites your ynoxinul! x2
The 27-headed Lernaean hydra bites your ynoxinul!!
Your ynoxinul dies!
The 27-headed Lernaean hydra barely misses your ynoxinul.
The 27-headed Lernaean hydra bites your ynoxinul!
The 27-headed Lernaean hydra barely misses your ynoxinul.
The 27-headed Lernaean hydra bites your ynoxinul! x2
Your ynoxinul dies!
Your ufetubus disappears in a puff of smoke! x2
A swamp dragon comes into view.
A demon appears!
A vampire mosquito comes into view.
The will-o-the-wisp blinks!
A goliath frog comes into view.
The 27-headed Lernaean hydra closely misses you.
The 27-headed Lernaean hydra bites you.
The 27-headed Lernaean hydra bites you! x2
The 27-headed Lernaean hydra bites you but does no damage.
The 27-headed Lernaean hydra bites you!
The 27-headed Lernaean hydra completely misses you.
The 27-headed Lernaean hydra closely misses you.
The 27-headed Lernaean hydra bites you!
* * * LOW HITPOINT WARNING * * *
The 27-headed Lernaean hydra bites you!
You die...

###.........
#§......)...
######F8.........
##.___......#.#)..
###∩..vy....8)##..8.
##...2.........###.).
#§..........###...#).
#§D.D.......# #.<.##.
#⌠..@§......###...#.#
##.............###...
###∩.......[8[##..8.
##∩___......#.#...
######.8.........
#⌠..........
###.........
#........_ #_......._


You could see the 27-headed Lernaean hydra (drained, ally target), a swamp
dragon, a goliath frog, a will-o-the-wisp, a vampire mosquito and a friendly
balrug (summoned).

Vanquished Creatures
  Josephine (D)
  Sigmund (D)
  3 kobold brigands (D)
  A wight (D)
  Jessica (D)
  Terence (D)
  A white imp (D)
  An adder zombie (D)
  3 orcs (D)
  A bat skeleton (D)
  A goblin (D)
  4 kobolds (D)
  A quokka (D)
  3 ball python skeletons (D)
23 creatures vanquished.

Notes
Turn   | Place    | Note
-------+----------+-------------------------------------------
     0 | D        | MacCMillion the Troll Monk began the quest for the Orb.
     0 | D        | Reached XP level 1. HP: 22/22 MP: 0/0
     1 | D        | Found an iron altar of Okawaru.
     2 | D        | Found a glowing silver altar of Zin.
     3 | D        | Found a blossoming altar of Fedhas.
     3 | D        | Found an ancient bone altar of Kikubaaqudgha.
     4 | D        | Found a shimmering altar of Xom.
     4 | D        | Found an ornate altar of the Wu Jian Council.
     4 | D        | Found Uckisaby's Staff Store.
     4 | D        | Found Doybos's Magic Scroll Shop.
     5 | D        | Found Plog's Must-Have Magic.
     5 | D        | Found Gassov's Magic Scroll Shop.
     5 | D        | Round 1.
    17 | D        | Noticed Terence
    21 | D        | Found Yhaexuf's Distillery.
    22 | D        | Found Emmiher's Distillery.
    22 | D        | Found Agatsuth's Bottled Wisdom.
    25 | D        | Found a snail-covered altar of Cheibriados.
    25 | D        | Found a corrupted altar of Lugonu.
    25 | D        | Found a bloodstained altar of Trog.
    25 | D        | Found Jeathrefru's Do-It-Yourself Clinic.
    29 | D        | Found a glowing golden altar of the Shining One.
    32 | D        | Found a stormy altar of Qazlal.
    34 | D        | Found a hide-covered altar of Uskayaw.
    34 | D        | Found Heoduosk's Weapon Rack.
    34 | D        | Found Utucwel's Basic Armour.
    35 | D        | Found Ynoac's Miscellaneous Merchandise.
    36 | D        | Found a basalt altar of Yredelemnul.
    36 | D        | Found an opulent altar of Gozag.
    36 | D        | Found Uzorgh's Premium Goods.
    40 | D        | Found a shimmering blue altar of Sif Muna.
    43 | D        | Found a burning altar of Makhleb.
    45 | D        | Found a shadowy altar of Dithmenos.
    45 | D        | Found Cinubem's Identification Station.
    45 | D        | Found Himimuf's Advanced Armour.
    46 | D        | Found Hifet's Jewellery.
    47 | D        | Found a viscous altar of Jiyva.
    47 | D        | Found a radiant altar of Vehumet.
    47 | D        | Found a sacrificial altar of Ru.
    49 | D        | Became a worshipper of Makhleb the Destroyer
    49 | D        | Reached * piety under Makhleb
    49 | D        | Reached ** piety under Makhleb
    52 | D        | Killed Terence
    53 | D        | Reached skill level 5 in Unarmed Combat
    53 | D        | Reached XP level 2. HP: 16/29 MP: 0/2
    60 | D        | Noticed Sigmund
   118 | D        | Killed Sigmund
   119 | D        | Reached skill level 9 in Unarmed Combat
   119 | D        | Reached skill level 5 in Invocations
   119 | D        | Reached XP level 3. HP: 22/36 MP: 4/6
   119 | D        | Reached XP level 4. HP: 27/44 MP: 4/7
   119 | D        | Reached XP level 5. HP: 31/50 MP: 4/8
   143 | D        | Reached *** piety under Makhleb
   182 | D        | Arena points: 5 (+5) [x1]
   197 | D        | Round 2.
   319 | D        | Noticed Jessica
   325 | D        | Killed Jessica
   325 | D        | Reached **** piety under Makhleb
   326 | D        | Reached skill level 10 in Unarmed Combat
   340 | D        | Arena points: 33 (+28) [x2]
   406 | D        | Round 3.
   449 | D        | Reached ***** piety under Makhleb
   486 | D        | Noticed Josephine
   491 | D        | Reached XP level 6. HP: 50/59 MP: 9/9
   497 | D        | Killed Josephine
   498 | D        | Reached skill level 14 in Unarmed Combat
   498 | D        | Reached XP level 7. HP: 16/66 MP: 9/12
   498 | D        | Reached XP level 8. HP: 18/74 MP: 9/13
   500 | D        | Arena points: 96 (+63) [x3]
   562 | D        | Round 4.
   622 | D        | Arena points: 224 (+128) [x4]
   643 | D        | Round 5.
   758 | D        | Noticed the 27-headed Lernaean hydra
   763 | D        | Noticed a will-o-the-wisp
   764 | D        | Noticed a swamp dragon
   765 | D        | Noticed a goliath frog
   765 | D        | Slain by the 27-headed Lernaean hydra

Illustrated notes

Levels and vault maps discovered:
D:        arena_sprint

Skill      XL: |  1  2  3  4  5  6 |
---------------+-------------------+-----
Unarmed Combat | 5 9 10 14 | 14.5
Invocations    | 2 5 6 9 |  9.6
Fighting       | |  2.4
Dodging        | |  2.4
Stealth        | |  1.0

Action                   |  1- 3 |  4- 6 |  7- 9 || total
-------------------------+-------+-------+-------++-------
Melee: Unarmed           |    15 |    24 |    28 ||    67
       Punch             |     1 |       |     1 ||     2
Invok: Minor Destruction |     1 |       |       ||     1
       Lesser Servant of |       |       |     2 ||     2
       Major Destruction |       |       |     1 ||     1
       Greater Servant o |       |       |     1 ||     1
  Use: Potion            |     1 |     1 |       ||     2
 Stab: Distracted        |       |     1 |       ||     1
Armor: Robe              |     1 |     2 |     8 ||    11
Dodge: Dodged            |     5 |    10 |    23 ||    38
